 Dungeon Crawl Stone Soup version 0.24-a0-640-ge7cd8ce796 (webtiles) character file.

Game seed: 4348067202337643054, levelgen mode: deterministic

56 AntidotE the Shield-Bearer (level 4, -4/35 HPs)
             Began as a Human Fighter on Sept 25, 2019.
             Slain by an ogre
             ... wielding a +0 giant club
              (12 damage)
             ... on level 3 of the Dungeon.
             The game lasted 00:04:46 (1615 turns).

AntidotE the Shield-Bearer (Human Fighter)          Turns: 1615, Time: 00:04:47

Health: -4/35      AC:  6    Str: 18    XL:     4   Next: 15%
Magic:  4/4        EV:  7    Int:  8    God:
Gold:   69         SH:  9    Dex: 12    Spells: 3/3 levels left

rFire    . . .     SeeInvis .   a - +0 long sword
rCold    . . .     Gourm    .   c - +0 shield
rNeg     . . .     Faith    .   b - +0 scale mail
rPois    .         Spirit   .   (no helmet)
rElec    .         Reflect  .   (no cloak)
rCorr    .         Harm     .   (no gloves)
MR       .....                  (no boots)
Stlth    ..........             (no amulet)
HPRegen  0.11/turn              (no ring)
MPRegen  0.09/turn              (no ring)

@: no status effects
A: no striking features
a: no special abilities


You were on level 3 of the Dungeon.
You were not hungry.

You visited 1 branch of the dungeon, and saw 3 of its levels.

You collected 69 gold pieces.

Inventory:

Hand Weapons
 a - a +0 long sword (weapon)
 l - a +1 dagger of venom
Armour
 b - a +0 scale mail (worn)
 c - a +0 shield (worn)
Scrolls
 g - a scroll of teleportation {unknown}
 h - 2 scrolls of remove curse {unknown}
 i - 6 scrolls of identify {unknown}
 k - 3 scrolls of amnesia {unknown}
 m - a scroll of fear {unknown}
 n - a scroll of noise {unknown}
Potions
 d - a potion of might
 e - a potion of haste {unknown}
 j - a potion of agility {unknown}
Comestibles
 f - 3 rations


   Skills:
 + Level 3.3 Fighting
 + Level 2.6 Long Blades
 + Level 3.4 Armour
 + Level 0.3 Dodging
 * Level 3.5 Shields


You had 3 spell levels left.
You didn't know any spells.
Your spell library was empty.

Dungeon Overview and Level Annotations

Branches:
Dungeon (3/15)

Altars:


Message History

There is a stone staircase leading down here.
Found a stone staircase leading down.
Found a scroll labeled WUCRUR EPTEL.
There is a stone staircase leading down here.
You climb downwards.
An ogre comes into view. It is wielding a +0 giant club.
The ogre shouts!
Found a scroll labeled YQUSAL PEYBO.
There is a stone staircase leading up here.
You hit the ogre.
The ogre is moderately wounded.
The ogre hits you with a +0 giant club!
You hit the ogre.
The ogre is moderately wounded.
The ogre hits you with a +0 giant club!
* * * LOW HITPOINT WARNING * * *
You completely miss the ogre.
The ogre is moderately wounded.
The ogre hits you with a +0 giant club!
You die...

#####
#...#
#...#
#####...#
........+
#...O#
#...@+
#....#
#....#
?.....#
####...#
#...#
#####


You could see an ogre.

Vanquished Creatures
  2 adders (D:2)
  An ooze (D:1)
  A dart slug (D:2)
  A ball python (D:1)
  2 giant cockroaches (D:1)
  4 hobgoblins (D:1)
  5 jackals (D:1)
  3 kobolds (D:1)
  3 bats (D:1)
  2 frilled lizards
  4 goblins
  2 rats
30 creatures vanquished.

Notes
Turn   | Place    | Note
-------+----------+-------------------------------------------
     0 | D:1      | AntidotE the Human Fighter began the quest for the Orb.
     0 | D:1      | Reached XP level 1. HP: 18/18 MP: 1/1
    73 | D:1      | Reached XP level 2. HP: 18/24 MP: 2/2
   293 | D:1      | Reached XP level 3. HP: 28/29 MP: 3/3
  1439 | D:2      | Reached XP level 4. HP: 22/35 MP: 4/4
  1612 | D:3      | Noticed an ogre
  1615 | D:3      | Slain by an ogre

Levels and vault maps discovered:
D:1:      saegor_arrival_simple_e, layout_basic, corexii_item_surrounded_by_moat
D:2:      layout_loops_ring, grunt_ministairs_10
D:3:      layout_basic, chequers_ecumenical_altar_simple

Action                   |  1- 3 |  4- 6 || total
-------------------------+-------+-------++-------
Melee: Long sword        |    83 |     5 ||    88
  Eat: Ration            |     1 |       ||     1
Armor: Scale mail        |    34 |       ||    34
Dodge: Dodged            |    33 |       ||    33
Block: Shield            |    49 |     1 ||    50
       Rpst.: Long sword |    11 |       ||    11

Table legend:
 A = Non-vault XP
 B = Vault XP
 C = Vault XP percentage of total XP
 D = Non-vault monster count
 E = Vault monster count
 F = Vault count percentage of total count
                 A         B        C        D         E       F
            +---------+---------+-------+---------+---------+-------
      Total |      79 |       1 |   1.2 |      29 |       1 |   3.3
            +---------+---------+-------+---------+---------+-------
        D:1 |      46 |       0 |   0.0 |      24 |       0 |   0.0
        D:2 |      33 |       1 |   2.9 |       5 |       1 |  16.7
            +---------+---------+-------+---------+---------+-------
